 Dungeon Crawl Stone Soup version 0.28-a0-793-g31680bbd8b (webtiles) character file.

Game seed: 15339981437536778132

1149 ytrimaz the Cudgeller (level 8, -13/60 HPs)
             Began as a Demonspawn Fighter on Nov 3, 2021.
             Was an Initiate of Makhleb.
             Mangled by an ogre (22 damage)
             ... on level 5 of the Dungeon.
             The game lasted 00:04:57 (5421 turns).

ytrimaz the Cudgeller (Demonspawn Fighter)          Turns: 5421, Time: 00:04:58

Health: -13/60     AC:  9    Str: 18 (20) XL:     8   Next: 15%
Magic:  8/8        EV: 13    Int:  9      God:    Makhleb [......]
Gold:   200        SH:  8    Dex:  9 (12) Spells: 7/7 levels left

rFire   . . .      SeeInvis .   i - +1 whip (flame)
rCold   . . .      Faith    .   c - +0 buckler
rNeg    . . .      Spirit   .   b - +0 scale mail
rPois   +          Reflect  .   e - +0 helmet
rElec   .          Harm     .   n - +0 cloak {rPois}
rCorr   .          Rampage  .   (no gloves)
Will    .....                   (no boots)
Stlth   ..........              (no amulet)
HPRegen 0.20/turn               (no ring)
MPRegen 0.11/turn               (no ring)

@: no status effects
A: repulsion field 2, demonic guardian 2, condensation shield, weakness stinger
1
a: Renounce Religion


You were on level 5 of the Dungeon.
You worshipped Makhleb.
Makhleb was noncommittal.
You visited 2 branches of the dungeon, and saw 6 of its levels.
You also visited: Sewer.

You collected 200 gold pieces.

Inventory:

Hand Weapons
 a - a +0 flail
 i - a +1 whip of flaming (weapon)
Armour
 b - a +0 scale mail (worn)
 c - a +0 buckler (worn)
 e - a +0 helmet (worn)
 n - a +0 cloak of poison resistance (worn)
Jewellery
 t - a ring of protection from cold
Wands
 k - a wand of acid (5)
 l - a wand of digging (6)
Scrolls
 f - a scroll of vulnerability
 m - a scroll of teleportation
 r - a scroll of amnesia
 s - a scroll of identify
Potions
 p - 2 potions of flight


   Skills:
 + Level 4.2 Fighting
 * Level 6.5 Maces & Flails
 + Level 4.3 Armour
 * Level 3.1 Dodging
 + Level 3.7 Shields


You had 7 spell levels left.
You didn't know any spells.
Your spell library contained the following spells:

 Spells                   Type           Power      Damage    Failure   Level
 Frozen Ramparts          Ice            0%         1d2       98%         3
 Ice Form                 Ice/Tmut       0%         N/A       100%        4
 Summon Ice Beast         Ice/Summ       0%         N/A       100%        4


Dungeon Overview and Level Annotations

Branches:
Dungeon (5/15)             Temple (1/1) D:4           Sewer (visited)

Altars:
Ashenzari
Cheibriados
Dithmenos
Elyvilon
Fedhas
Gozag
Hepliaklqana
Kikubaaqudgha
Makhleb
Nemelex Xobeh
Okawaru
Qazlal
Ru
Sif Muna
Trog
Uskayaw
Vehumet
Wu Jian
Xom
Zin
The Shining One

Shops:
D:2 (   D:3 (


Innate Abilities, Weirdness & Mutations

You are surrounded by a moderate repulsion field. (EV +3)
A demonic guardian rushes to your aid.
A meltable shield of frost defends you. (SH +4)
You have a small tail.


Message History

You completely miss the yak.
The yak is almost dead.
The orc closely misses you. The yak barely misses you.
You hit the yak. You burn the yak.
You kill the yak!
Makhleb accepts your kill. The orc closely misses you.
You feel your intelligence returning.
Your Dodging skill increases to level 3!
You have reached level 8!
You feel stronger.
Your demonic ancestry asserts itself...
Your guardian grows in power.
Really read the scroll of holy word?
As you read the scroll of holy word, it crumbles to dust.
You speak a Word of immense power!
The killer bee zombie convulses!
You destroy the killer bee zombie!
Makhleb accepts your kill.
The bullfrog skeleton convulses!
You destroy the bullfrog skeleton!
Makhleb accepts your kill.
You are blasted by holy energy!
The ogre closely misses you. The orc closely misses you.
Unknown command.
You have no spells to forget!
Really read the scroll of vulnerability?
Okay, then.
Unknown command.
Unknown command.
You whack the ogre! You burn the ogre.
The ogre is moderately wounded.
The orc barely misses you.
You hit the ogre. You burn the ogre.
The ogre is heavily wounded.
The ogre hits you with a +0 giant club!
* * * LOW HITPOINT WARNING * * *
You hit the ogre. You burn the ogre. You tail-slap the ogre.
The ogre is severely wounded.
The orc closely misses you.
The ogre hits you with a +0 giant club!!
You die...

§..§o......#
#####..Z..... ##Y..####
#Y## #.# #.#######
#.......# #
#..####o####o#.#..
#..<...{YO@o{.....
...........#o####o###.#
.##..#..##.#.# #
#..#.......#
#.....##.### ##.#..##.#
#.#..##.# . ......#


You could see a yak, an ogre and 5 orcs.

Vanquished Creatures
  2 yaks (D:5)
  An orc warrior (D:4)
  A necrophage (D:4)
  A kobold brigand (Sewer)
  A hound (D:4)
  Crazy Yiuf (D:3)
  A bullfrog skeleton (D:5)
  Ijyb (D:5)
  Natasha (thrice) (D:3)
  An orc wizard (D:4)
  A killer bee zombie (D:5)
  A hound skeleton (D:4)
  5 adders
  2 river rats (Sewer)
  6 dart slugs
  8 orcs
  6 bats
  8 endoplasms
  5 giant cockroaches
  9 goblins
  8 hobgoblins
  9 jackals
  5 quokkas
  6 ball pythons
  10 frilled lizards
  9 kobolds
  11 rats
122 creatures vanquished.

Vanquished Creatures (collateral kills)
  Sigmund (D:3)
  A giant cockroach (D:2)
  2 rats (Sewer)
4 creatures vanquished.

Vanquished Creatures (others)
  5 plants (D:1)
5 creatures vanquished.

Grand Total: 131 creatures vanquished

Notes
Turn   | Place    | Note
-------+----------+-------------------------------------------
     0 | D:1      | ytrimaz the Demonspawn Fighter began the quest for the Orb.
     0 | D:1      | Reached XP level 1. HP: 18/18 MP: 1/1
   173 | D:1      | Gained mutation: You are surrounded by a mild repulsion
                  | field. (EV +2) [demonic ancestry]
   173 | D:1      | Reached XP level 2. HP: 22/24 MP: 2/2
   184 | D:1      | Reached skill level 2 in Maces & Flails
   419 | D:1      | Gained mutation: A weak demonic guardian rushes to your
                  | aid. [demonic ancestry]
   419 | D:1      | Reached XP level 3. HP: 28/29 MP: 3/3
   990 | D:1      | Reached skill level 1 in Dodging
  1108 | D:1      | Found a faded altar of an unknown god.
  1426 | D:2      | Found Ipukedgh's Weapon Shoppe.
  1463 | D:2      | Found a snail-covered altar of Cheibriados.
  2027 | D:3      | Found Urale's Weapon Emporium.
  2115 | D:3      | Noticed Sigmund
  2126 | D:3      | Killed Sigmund
  2127 | D:3      | Reached skill level 4 in Maces & Flails
  2127 | D:3      | Gained mutation: You are surrounded by a moderate repulsion
                  | field. (EV +3) [demonic ancestry]
  2127 | D:3      | Reached XP level 4. HP: 4/35 MP: 4/4
  2127 | D:3      | Gained mutation: You have a small tail. [demonic ancestry]
  2127 | D:3      | Reached XP level 5. HP: 5/41 MP: 5/5
  2675 | D:3      | Noticed Natasha
  2684 | D:3      | Killed Natasha
  2685 | D:3      | Gained mutation: A meltable shield of frost defends you.
                  | (SH +4) [demonic ancestry]
  2685 | D:3      | Reached XP level 6. HP: 45/47 MP: 6/6
  2885 | D:3      | Noticed Natasha
  2897 | D:3      | Killed Natasha
  2959 | D:3      | Noticed Natasha
  2971 | D:3      | Killed Natasha
  3006 | D:3      | Found a runed translucent door.
  3007 | D:3      | Noticed Crazy Yiuf
  3396 | D:3      | Killed Crazy Yiuf
  3544 | D:4      | Reached skill level 5 in Maces & Flails
  3559 | D:4      | Found a glowing drain.
  3596 | Sewer    | Entered a sewer
  3606 | Sewer    | Reached XP level 7. HP: 38/53 MP: 7/7
  4158 | D:4      | Found a staircase to the Ecumenical Temple.
  4202 | Temple   | Entered the Ecumenical Temple
  4469 | Temple   | Became a worshipper of Makhleb the Destroyer
  4990 | D:5      | Entered Level 5 of the Dungeon
  4990 | D:5      | Noticed a yak
  4990 | D:5      | Noticed a yak
  4990 | D:5      | Noticed a yak
  4990 | D:5      | Noticed a yak
  4990 | D:5      | Found a radiant altar of Vehumet.
  4990 | D:5      | Found a shimmering blue altar of Sif Muna.
  4991 | D:5      | Found a shadowy altar of Dithmenos.
  4991 | D:5      | Found an opulent altar of Gozag.
  5008 | D:5      | Noticed Ijyb
  5042 | D:5      | Killed Ijyb
  5053 | D:5      | Killed a yak
  5054 | D:5      | Reached skill level 6 in Maces & Flails
  5417 | D:5      | Killed a yak
  5418 | D:5      | Gained mutation: A demonic guardian rushes to your aid.
                  | [demonic ancestry]
  5418 | D:5      | Reached XP level 8. HP: 44/60 MP: 8/8
  5421 | D:5      | Mangled by an ogre

Illustrated notes

Levels and vault maps discovered:
D:1:      mrwooster_arrival_statue, layout_loops_ring,
          shapermc_ecumenical_altar_acropolis, serial_bayou_pond_b
D:2:      layout_basic, basic_altar, serial_shops, shop
D:3:      cheibrodos_greedy_goblins, layout_basic, serial_shops, shop,
          uniq_sigmund, uniq_natasha, uniq_crazy_yiuf_cottage
D:4:      layout_gridville, minmay_temple_entry_statues_fountains,
          portal_sewer_entry_f
D:5:      layout_loops_cross, minmay_overflow_temple_hex,
          minmay_hollow_rounded_squares, uniq_ijyb
Temple:   minmay_temple_curvy_branch

Skill      XL: |  1  2  3  4  5  6  7 |
---------------+----------------------+-----
Maces & Flails | 2 4 5 6 |  6.5
Dodging        | 1 2 3 |  3.1
Shields        | 3 |  3.7
Armour         | 3 4 |  4.3
Fighting       | 4 |  4.2

Action                   |  1- 3 |  4- 6 |  7- 9 || total
-------------------------+-------+-------+-------++-------
Melee: Flail             |   126 |       |       ||   126
       Whip              |    56 |   106 |   214 ||   376
       Tailslap          |       |    14 |    25 ||    39
  Use: Scroll            |       |       |     6 ||     6
       Potion            |       |       |     5 ||     5
Armor: Scale mail        |    83 |    29 |    52 ||   164
Dodge: Dodged            |   115 |    58 |    92 ||   265
Block: Buckler           |    37 |    33 |    75 ||   145

Table legend: (Time is in decaauts)
 A = Elapsed time spent in this place.
 B = Non-inter-level travel time spent in this place.
 C = Inter-level travel time spent in this place.
 D = Time resting spent in this place.
 E = Time spent auto-exploring this place.
 F = Levels seen in this place.
 G = Mean time per level.
                   A        B        C        D        E       F      G
               +--------+--------+--------+--------+--------+-----+--------+
         Total |   5443 |   5305 |    138 |    678 |   3648 |   7 |  777.6 |
       Dungeon |   4707 |   4611 |     96 |    583 |   3164 |   5 |  941.4 |
        Temple |    289 |    247 |     42 |      0 |    245 |   1 |  289.0 |
         Sewer |    446 |    446 |      0 |     95 |    239 |   1 |  446.0 |
               +--------+--------+--------+--------+--------+-----+--------+

Top non-repeatable levels by time:
     D:3: 1517 daAuts
     D:1: 1227 daAuts
     D:4: 1015 daAuts
     D:2: 839 daAuts
   Sewer: 446 daAuts
  Temple: 289 daAuts
     D:5: 107 daAuts
